General information
- name: BNet
- type: Ladder team game (AT/RT)
- host: Battle.net
- saver: skrt
map: Deadlock_LV
- players: 8
- length: 14:00
- speed: Fast
- version: 1.10030 W3XP
- replay type: Public
» download(186 KB)
Players
team 1 (loser)
sMoKe.puff (
pink | 136 APM | 1884 actions | 13:52)
3 Death Knight
2 Death Coil
1 Unholy Aura
1 Lich
1 Frost Nova
» actions
| Assign group hotkey | 40 | |
| Basic commands | 16 | |
| Build / train | 46 | |
| Enter build submenu | 10 | |
| Enter hero's abilities submenu | 4 | |
| Give item / drop item | 2 | |
| Remove unit from queue | 5 | |
| Right click | 851 | |
| Select / deselect | 147 | |
| Select group hotkey | 715 | |
| Use ability | 48 | |
1884 total
» units
| Acolyte | 4 | |
| Ghoul | 2 | |
| Crypt Fiend | 9 | |
| Obsidian Statue | 2 | |
17 total
» upgrades
| Creature Attack | 2 | |
| Web | 1 | |
| Destroyer Form | 1 | |
4 total
» buildings
| Crypt | 1 | |
| Graveyard | 1 | |
| Altar of Darkness | 1 | |
| Ziggurat | 4 | |
| Tomb of Relics | 1 | |
| Nerubian Tower | 2 | |
| Halls of the Dead | 1 | |
| Black Citadel | 1 | |
| Slaughterhouse | 2 | |
14 total
» build order
00:07 Crypt
00:09 Graveyard
00:41 Altar of Darkness
00:57 Ziggurat
01:24 Tomb of Relics
01:54 Nerubian Tower
01:54 Nerubian Tower
02:10 Ziggurat
04:09 Halls of the Dead
06:53 Ziggurat
07:32 Black Citadel
09:15 Ziggurat
10:37 Slaughterhouse
10:37 Slaughterhouse
» items
| Rod of Necromancy | 3 | |
| Dust of Appearance | 2 | |
| Scroll of Healing | 2 | |
| Potion of Lesser Invulnerability | 1 | |
| Scroll of Town Portal | 1 | |
9 total

»
skrt (
green | 172 APM | 2412 actions | 14:00)
3 Mountain King
2 Storm Bolt
1 Bash
1 Blood Mage
1 Banish
» actions
| Assign group hotkey | 18 | |
| Basic commands | 89 | |
| Build / train | 48 | |
| Enter build submenu | 29 | |
| Enter hero's abilities submenu | 4 | |
| Give item / drop item | 1 | |
| Right click | 1147 | |
| Select / deselect | 398 | |
| Select group hotkey | 626 | |
| Use ability | 52 | |
2412 total
» units
| Peasant | 14 | |
| Footman | 4 | |
| Gryphon Rider | 4 | |
22 total
» upgrades
| Masonry | 2 | |
| Lumber Harvesting | 1 | |
| Swords | 1 | |
| Storm Hammers | 1 | |
| Plating | 1 | |
6 total
» buildings
| Altar of Kings | 1 | |
| Farm | 11 | |
| Barracks | 1 | |
| Lumber Mill | 1 | |
| Keep | 1 | |
| Town Hall | 1 | |
| Arcane Vault | 1 | |
| Scout Tower | 5 | |
| Guard Tower | 3 | |
| Blacksmith | 1 | |
| Castle | 1 | |
| Gryphon Aviary | 2 | |
29 total
» build order
00:06 Altar of Kings
00:08 Farm
00:24 Barracks
00:39 Farm
01:33 Lumber Mill
02:15 Farm
04:05 Keep
04:26 Town Hall
04:29 Arcane Vault
04:32 Scout Tower
05:00 Guard Tower
05:01 Scout Tower
05:24 Scout Tower
05:42 Guard Tower
05:49 Blacksmith
05:52 Farm
06:17 Farm
07:08 Guard Tower
08:07 Castle
08:34 Gryphon Aviary
08:38 Gryphon Aviary
10:33 Farm
10:34 Farm
11:50 Farm
12:47 Farm
12:54 Scout Tower
12:56 Scout Tower
13:07 Farm
13:37 Farm
» items
| Potion of Healing | 2 | |
| Lesser Clarity Potion | 1 | |
| Scroll of Town Portal | 2 | |
| Potion of Mana | 1 | |
| Boots of Speed | 1 | |
| Circlet of Nobility | 1 | |
8 total
Vigilance (
yellow | 128 APM | 1682 actions | 13:11)
4 Keeper of the Grove
2 Entangling Roots
2 Force of Nature
» actions
| Assign group hotkey | 22 | |
| Build / train | 57 | |
| ESC pressed | 5 | |
| Enter build submenu | 10 | |
| Enter hero's abilities submenu | 4 | |
| Right click | 784 | |
| Select / deselect | 209 | |
| Select group hotkey | 539 | |
| Use ability | 52 | |
1682 total
» units
| Wisp | 22 | |
| Huntress | 6 | |
| Glaive Thrower | 4 | |
32 total
» upgrades
| Strength of the Moon | 2 | |
| Ultravision | 1 | |
| Moon Armor | 2 | |
| Upgrade Moon Glaive | 1 | |
| Vorpal Blades | 1 | |
| Nature's Blessing | 2 | |
9 total
» buildings
| Altar of Elders | 1 | |
| Moon Well | 4 | |
| Ancient of Wonders | 1 | |
| Hunter's Hall | 1 | |
| Ancient of War | 2 | |
| Tree of Ages | 1 | |
| Tree of Life | 1 | |
| Tree of Eternity | 1 | |
12 total
» build order
00:08 Altar of Elders
00:13 Moon Well
00:46 Ancient of Wonders
01:17 Moon Well
02:15 Hunter's Hall
02:18 Ancient of War
02:37 Ancient of War
03:13 Moon Well
06:17 Tree of Ages
07:00 Tree of Life
07:25 Moon Well
10:48 Tree of Eternity
» items
| Lesser Clarity Potion | 4 | |
| Scroll of Town Portal | 1 | |
| Potion of Healing | 1 | |
| Potion of Mana | 1 | |
| Staff of Preservation | 1 | |
8 total

»
zul. (
red | 42 APM | 578 actions | 13:50)
3 Priestess of the Moon
2 Trueshot Aura
1 Searing Arrows
1 Keeper of the Grove
1 Entangling Roots
» actions
| Build / train | 49 | |
| Enter build submenu | 14 | |
| Enter hero's abilities submenu | 4 | |
| Remove unit from queue | 3 | |
| Right click | 304 | |
| Select / deselect | 174 | |
| Use ability | 30 | |
578 total
» units
| Wisp | 11 | |
| Archer | 18 | |
| Hippogryph | 3 | |
| Dryad | 1 | |
| Druid of the Talon | 1 | |
34 total
» upgrades
| Strength of the Moon | 1 | |
| Improved Bows | 1 | |
2 total
» buildings
| Altar of Elders | 1 | |
| Moon Well | 5 | |
| Ancient of War | 1 | |
| Ancient of Wonders | 1 | |
| Hunter's Hall | 1 | |
| Ancient Protector | 2 | |
| Tree of Ages | 1 | |
| Ancient of Wind | 1 | |
| Tree of Eternity | 1 | |
| Ancient of Lore | 2 | |
16 total
» build order
00:17 Altar of Elders
00:20 Moon Well
00:34 Ancient of War
01:37 Moon Well
02:15 Ancient of Wonders
02:30 Hunter's Hall
03:42 Ancient Protector
04:14 Tree of Ages
04:49 Moon Well
04:54 Moon Well
05:01 Ancient Protector
07:15 Ancient of Wind
09:14 Tree of Eternity
10:03 Moon Well
10:27 Ancient of Lore
10:32 Ancient of Lore
» items
| Scroll of Regeneration | 1 | |
| Scroll of Town Portal | 1 | |
2 total
team 2 (winner)

»
DeLi (
blue | 139 APM | 1947 actions | 14:00)
5 Keeper of the Grove
3 Force of Nature
2 Entangling Roots
» actions
| Assign group hotkey | 153 | |
| Basic commands | 44 | |
| Build / train | 92 | |
| ESC pressed | 2 | |
| Enter build submenu | 16 | |
| Enter hero's abilities submenu | 5 | |
| Give item / drop item | 2 | |
| Remove unit from queue | 5 | |
| Right click | 820 | |
| Select / deselect | 211 | |
| Select group hotkey | 541 | |
| Use ability | 56 | |
1947 total
» units
| Wisp | 27 | |
| Archer | 9 | |
| Centaur Outrunner | 1 | |
| Druid of the Talon | 6 | |
| Dryad | 5 | |
| Druid of the Claw | 9 | |
57 total
» upgrades
| Abolish Magic | 1 | |
| Strength of the Wild | 1 | |
| Reinforced Hides | 1 | |
| Well Spring | 1 | |
| Druid of the Claw Training | 2 | |
| Druid of the Talon Training | 1 | |
| Mark of the Claw | 1 | |
8 total
» buildings
| Altar of Elders | 1 | |
| Moon Well | 8 | |
| Ancient of War | 1 | |
| Tree of Ages | 2 | |
| Hunter's Hall | 1 | |
| Ancient of Wind | 1 | |
| Ancient of Lore | 2 | |
| Tree of Life | 2 | |
| Ancient of Wonders | 1 | |
| Tree of Eternity | 2 | |
21 total
» build order
00:06 Altar of Elders
00:18 Moon Well
00:31 Ancient of War
01:32 Moon Well
02:30 Tree of Ages
02:30 Tree of Ages
03:22 Hunter's Hall
03:58 Moon Well
04:51 Ancient of Wind
04:53 Ancient of Lore
05:34 Tree of Life
05:35 Tree of Life
05:51 Ancient of Wonders
07:23 Tree of Eternity
07:24 Tree of Eternity
09:48 Ancient of Lore
10:08 Moon Well
10:09 Moon Well
10:10 Moon Well
10:44 Moon Well
10:46 Moon Well
» items
| Lesser Clarity Potion | 4 | |
| Scroll of Town Portal | 2 | |
| Orb of Venom | 1 | |
| Potion of Healing | 2 | |
9 total

»
plankton4 (
orange | 75 APM | 1053 actions | 14:00)
5 Paladin
2 Holy Light
1 Divine Shield
2 Devotion Aura
1 Goblin Alchemist
1 Acid Bomb
» actions
| Basic commands | 6 | |
| Build / train | 54 | |
| ESC pressed | 1 | |
| Enter build submenu | 24 | |
| Enter hero's abilities submenu | 7 | |
| Right click | 536 | |
| Select / deselect | 374 | |
| Use ability | 51 | |
1053 total
» units
| Peasant | 15 | |
| Rifleman | 13 | |
| Mortar Team | 3 | |
31 total
» upgrades
| Gunpowder | 1 | |
| Masonry | 1 | |
| Long Rifles | 1 | |
| Lumber Harvesting | 1 | |
4 total
» buildings
| Blacksmith | 1 | |
| Barracks | 1 | |
| Altar of Kings | 1 | |
| Farm | 7 | |
| Lumber Mill | 1 | |
| Scout Tower | 4 | |
| Arcane Vault | 1 | |
| Arcane Tower | 2 | |
| Keep | 1 | |
| Guard Tower | 3 | |
| Town Hall | 1 | |
| Arcane Sanctum | 1 | |
| Workshop | 2 | |
26 total
» build order
00:52 Blacksmith
00:58 Barracks
01:06 Altar of Kings
01:10 Farm
01:35 Farm
02:15 Lumber Mill
02:36 Scout Tower
03:32 Arcane Vault
03:49 Arcane Tower
03:49 Arcane Tower
03:53 Farm
04:33 Scout Tower
05:38 Keep
05:39 Guard Tower
05:41 Farm
06:12 Farm
07:09 Scout Tower
07:11 Scout Tower
07:19 Town Hall
07:39 Guard Tower
07:43 Guard Tower
11:12 Arcane Sanctum
11:35 Workshop
12:41 Workshop
13:09 Farm
13:47 Farm
» items
| Lesser Clarity Potion | 2 | |
| Scroll of Regeneration | 1 | |
| Scroll of Town Portal | 2 | |
5 total
dharma (
teal | 46 APM | 651 actions | 14:00)
4 Blademaster
2 Wind Walk
2 Critical Strike
2 Tauren Chieftain
1 Shockwave
1 Endurance Aura
» actions
| Basic commands | 36 | |
| Build / train | 47 | |
| ESC pressed | 2 | |
| Enter build submenu | 20 | |
| Enter hero's abilities submenu | 6 | |
| Remove unit from queue | 1 | |
| Right click | 317 | |
| Select / deselect | 175 | |
| Use ability | 47 | |
651 total
» units
» upgrades
| Reinforced Defenses | 1 | |
| Spiked Barricades | 1 | |
| Shaman Training | 2 | |
| Armor | 1 | |
| Pulverize | 1 | |
6 total
» buildings
| Altar of Storms | 1 | |
| Orc Burrow | 5 | |
| War Mill | 1 | |
| Voodoo Lounge | 1 | |
| Watch Tower | 3 | |
| Stronghold | 1 | |
| Fortress | 1 | |
| Spirit Lodge | 1 | |
| Tauren Totem | 2 | |
| Great Hall | 1 | |
17 total
» build order
00:08 Altar of Storms
00:13 Orc Burrow
00:55 War Mill
01:05 Voodoo Lounge
01:46 Orc Burrow
02:35 Watch Tower
03:38 Stronghold
03:48 Watch Tower
05:29 Watch Tower
06:02 Fortress
06:16 Spirit Lodge
06:25 Tauren Totem
06:47 Tauren Totem
09:14 Orc Burrow
09:16 Orc Burrow
10:46 Orc Burrow
11:38 Great Hall
» items
| Healing Salve | 2 | |
| Lesser Clarity Potion | 2 | |
| Orb of Lightning | 1 | |
| Scroll of Speed | 1 | |
| Scroll of Town Portal | 1 | |
7 total
Hotpocket (
purple | 51 APM | 718 actions | 14:00)
3 Keeper of the Grove
2 Entangling Roots
1 Thorns Aura
» actions
| Assign group hotkey | 10 | |
| Basic commands | 3 | |
| Build / train | 42 | |
| Enter build submenu | 16 | |
| Enter hero's abilities submenu | 3 | |
| Remove unit from queue | 2 | |
| Right click | 401 | |
| Select / deselect | 152 | |
| Select group hotkey | 59 | |
| Use ability | 30 | |
718 total
» units
| Wisp | 16 | |
| Druid of the Talon | 6 | |
| Chimaera | 3 | |
25 total
» upgrades
| Ultravision | 1 | |
| Druid of the Talon Training | 2 | |
| Strength of the Wild | 2 | |
| Corrosive Breath | 1 | |
| Reinforced Hides | 1 | |
| Mark of the Talon | 1 | |
| Well Spring | 1 | |
9 total
» buildings
| Altar of Elders | 1 | |
| Moon Well | 6 | |
| Tree of Ages | 1 | |
| Hunter's Hall | 1 | |
| Ancient of Wonders | 1 | |
| Tree of Eternity | 1 | |
| Ancient of Wind | 2 | |
| Chimaera Roost | 4 | |
17 total
» build order
00:06 Altar of Elders
00:11 Moon Well
01:31 Moon Well
02:25 Tree of Ages
02:58 Moon Well
03:00 Hunter's Hall
03:09 Ancient of Wonders
03:32 Moon Well
05:35 Tree of Eternity
05:38 Moon Well
05:42 Ancient of Wind
05:53 Ancient of Wind
06:20 Moon Well
07:59 Chimaera Roost
08:01 Chimaera Roost
08:03 Chimaera Roost
08:04 Chimaera Roost
Chat log
(00:27 / All) sMoKe.puff: gl hf
(00:30 / All) Hotpocket: fuck u
(00:34 / All) sMoKe.puff: 12
(00:46 / Allies) zul.: yellow
(00:47 / Allies) zul.: hero?
(00:50 / Allies) Vigilance: kotg
(00:53 / Allies) zul.: potm
(01:52 / Allies) zul.: plan?
(01:57 / Allies) sMoKe.puff: cc
(02:09 / Allies) zul.: agreed
(02:56 / Allies) zul.: 2 here
(03:16 / Allies) zul.: ty
(04:43 / Allies) zul.: comin
(05:36 / Allies) sMoKe.puff: bm
(05:37 / Allies) sMoKe.puff: wtf
(05:49 / Allies) sMoKe.puff: u let hr bm go
(05:50 / Allies) sMoKe.puff: why
(05:56 / Allies) zul.: never saw
(06:05 / Allies) sMoKe.puff: we gotta hit
(06:06 / Allies) sMoKe.puff: he tech
(07:14 / Allies) sMoKe.puff: so
(07:17 / Allies) sMoKe.puff: we let hick tech
(07:17 / Allies) sMoKe.puff: ok
(07:18 / Allies) zul.: k
(07:21 / Allies) sMoKe.puff: lmao
(07:21 / Allies) sMoKe.puff: wow
(07:25 / Allies) zul.: hick tech
(07:25 / Allies) sMoKe.puff: this is really 4s
(07:26 / Allies) zul.: ki
(08:19 / Allies) sMoKe.puff: hello
(08:24 / Allies) zul.: what
(09:29 / Allies) skrt: DUDE
(09:32 / Allies) skrt: TARGET THE 10 HP KOTG
(09:52 / Allies) zul.: im out
(10:59 / Allies) zul.: hit togeth
(11:03 / Allies) zul.: yekllow come
(11:38 / Allies) sMoKe.puff: see
(11:40 / Allies) sMoKe.puff: he mass chims
(11:45 / Allies) sMoKe.puff: tech games are so gay
(11:51 / Allies) sMoKe.puff: jesus
(11:51 / Allies) zul.: and yellow has glaives lol
(12:30 / All) sMoKe.puff: gg
(12:32 / All) sMoKe.puff: yellow throw
(12:35 / Allies) skrt: when i banish
(12:37 / Allies) skrt: pelase coil nova
(12:41 / Allies) sMoKe.puff: I DID
(12:44 / Allies) sMoKe.puff: he dispell
(12:44 / Allies) sMoKe.puff: noob
(12:46 / Allies) zul.: wouldnt have mattered
(13:03 / Allies) zul.: lol
(13:07 / Allies) sMoKe.puff: fuckign
(13:08 / Allies) sMoKe.puff: scum
(13:30 / All) skrt: i wish reforged preoders
(13:31 / All) skrt: uninstalled